 Dungeon Crawl Stone Soup version 0.25-a0-737-g26c3a87c45 (webtiles) character file.

Game seed: 13035686061257097516, levelgen mode: classic

2 Amnesiac the Chiller (level 1, 0/13 (14) HPs)
             Began as a Ghoul Ice Elementalist on Apr 11, 2020.
             Slain by a leopard gecko (5 damage)
             ... on level 1 of the Dungeon.
             The game lasted 00:00:11 (281 turns).

Amnesiac the Chiller (Ghoul Ice Elementalist)        Turns: 281, Time: 00:00:11

HP:   0/13 (14)     AC:  2    Str: 11    XL:     1   Next: 30%
MP:   0/2           EV: 12    Int: 10    God:
Gold: 10            SH:  0    Dex:  9    Spells: 2/3 levels left

rFire    . . .     SeeInvis .   (no weapon)
rCold    + . .     Gourm    .   (no shield)
rNeg     + + +     Faith    .   a - +0 robe
rPois    ∞         Spirit   .   (no helmet)
rElec    .         Reflect  .   (no cloak)
rCorr    .         Harm     .   (no gloves)
MR       .....                  (no boots)
Stlth    ++........             (no amulet)
HPRegen  0.00/turn              (no ring)
MPRegen  0.08/turn              (no ring)

@: rotting
A: rotting body, claws 1, carnivore, cold resistance 1, negative energy
resistance 3, inhibited regeneration, torment resistance, unbreathing
a: no special abilities


You were on level 1 of the Dungeon.
You were not hungry.

You visited 1 branch of the dungeon, and saw 1 of its levels.

You collected 10 gold pieces.

Inventory:

Armour
 a - a +0 robe (worn)
Scrolls
 b - a scroll of random uselessness {!r, unknown}
 d - a scroll of identify {!r, unknown}
 g - 2 scrolls of remove curse {!r, unknown}
 h - a scroll of teleportation {!r, unknown}
Potions
 e - a potion of flight {!q, unknown}
Comestibles
 c - a ration
 f - a chunk of flesh


   Skills:
 - Level 1.7 Dodging
 - Level 2.1 Stealth
 + Level 1.8 Spellcasting
 * Level 4.4 Ice Magic


You had 2 spell levels left.
You knew the following spells:

 Your Spells              Type           Power        Failure   Level  Hunger
a - Freeze                Ice            #...         4%          1    ##.....

Your spell library contained the following spells:

 Spells                   Type           Power        Failure   Level  Hunger
 Frozen Ramparts          Ice            #.....       16%         3    ####...
 Ozocubu's Armour         Chrm/Ice       #.......     36%         3    ####...
 Hailstorm                Conj/Ice       #.......     77%         4    #####..
 Summon Ice Beast         Ice/Summ       #.......     77%         4    #####..


Dungeon Overview and Level Annotations

Branches:
Dungeon (1/15)

Altars:


Innate Abilities, Weirdness & Mutations

Your body is rotting away.
You thrive on raw meat.
You are immune to poison.
You have sharp fingernails.
You are carnivorous and can eat meat at any time.
Your flesh is cold resistant. (rC+)
You are immune to negative energy. (rN+++)
You do not regenerate when monsters are visible.
You are immune to unholy pain and torment.
You can survive without breathing.


Message History

You feel your flesh rotting away.
Eating one of 3 chunks of flesh.
You eat one of the 3 chunks of flesh.
You feel more resilient.
This raw flesh tastes great!
You feel your flesh rotting away.
Eating one of 2 chunks of flesh.
You eat one of the 2 chunks of flesh.
You feel more resilient.
This raw flesh tastes great!
Found a stone staircase leading down.
No target in view!
Casting: Freeze (safe; 4% risk of failure)
Confirm with . or Enter, or press ? or * to list all spells.
You can't see any susceptible monsters within range! (Use Z to cast anyway.) Key pressed, stopping explore.
No target in view!
Casting: Freeze (safe; 4% risk of failure)
Confirm with . or Enter, or press ? or * to list all spells.
You can't see any susceptible monsters within range! (Use Z to cast anyway.)
A leopard gecko comes into view.
You miss the leopard gecko.
The leopard gecko hisses angrily.
A kobold comes into view.
The leopard gecko bites you.
Casting: Freeze (safe; 4% risk of failure)
Confirm with . or Enter, or press ? or * to list all spells.
Aiming: Freeze (safe; 4% risk of failure)
Press: ? - help, Shift-Dir - straight line, f - leopard gecko
Aim: a leopard gecko You freeze the leopard gecko.
The leopard gecko is heavily wounded.
The leopard gecko bites you.
There are monsters nearby!
You miss the leopard gecko.
The leopard gecko is heavily wounded.
The leopard gecko bites you.
* * * LOW HITPOINT WARNING * * *
Casting: Freeze (safe; 4% risk of failure)
Confirm with . or Enter, or press ? or * to list all spells.
Aiming: Freeze (safe; 4% risk of failure)
Press: ? - help, Shift-Dir - straight line, f/p - leopard gecko
Aim: a leopard gecko (moderately wounded)
You freeze the leopard gecko.
The leopard gecko is heavily wounded.
The leopard gecko bites you.
* * * LOW HITPOINT WARNING * * *
The leopard gecko barely misses you.
There are monsters nearby!
You closely miss the leopard gecko.
The leopard gecko is heavily wounded.
The leopard gecko closely misses you.
Casting: Freeze (safe; 4% risk of failure)
Confirm with . or Enter, or press ? or * to list all spells.
You don't have enough magic to cast that spell.
There are monsters nearby!
You barely miss the leopard gecko.
The leopard gecko is heavily wounded.
The leopard gecko closely misses you.
Casting: Freeze (safe; 4% risk of failure)
Confirm with . or Enter, or press ? or * to list all spells.
You don't have enough magic to cast that spell.
A leopard gecko is nearby!
You barely miss the leopard gecko.
The leopard gecko is heavily wounded.
You feel your flesh rotting away. The leopard gecko bites you.
You die...

#>................
#.#...##########.#
#.#.......... #.#
#.#.....##### #.#
#.#.....# #.#
#.#.....# #.#..
#.#.....# #.#..
#.#.....# #.#..
#@......# #.#.[
....K.l.#...?..
#.#.#
...####.#.#..##
#.#.. #.# #
########.### #.#
.........÷. #.#
##########.### #.#
...........# #.#
######.####
####.......###


You could see a leopard gecko and a kobold.

Vanquished Creatures
  A bat (D:1)
  2 rats (D:1)
3 creatures vanquished.

Notes
Turn   | Place    | Note
-------+----------+-------------------------------------------
     0 | D:1      | Amnesiac the Ghoul Ice Elementalist began the quest for the
                  | Orb.
     0 | D:1      | Reached XP level 1. HP: 14/14 MP: 2/2
   281 | D:1      | Slain by a leopard gecko

Levels and vault maps discovered:
D:1:      dpeg_arrival_three_bigger_balls, layout_basic

Action                   || total
-------------------------++-------
Melee: Unarmed           ||     7
 Cast: Freeze            ||     5
  Eat: Chunk             ||     2
Armor: Robe              ||     1
Dodge: Dodged            ||     8

Table legend:
 A = Non-vault XP
 B = Vault XP
 C = Vault XP percentage of total XP
 D = Non-vault monster count
 E = Vault monster count
 F = Vault count percentage of total count
                 A         B        C        D         E       F
            +---------+---------+-------+---------+---------+-------
      Total |       3 |       0 |   0.0 |       3 |       0 |   0.0
            +---------+---------+-------+---------+---------+-------
        D:1 |       3 |       0 |   0.0 |       3 |       0 |   0.0
            +---------+---------+-------+---------+---------+-------
